 Dungeon Crawl Stone Soup version 0.22-a0-422-g9628fc8 (webtiles) character file.

4466 Jynxie the Covert (level 10, -1/49 HPs)
             Began as a Spriggan Enchanter on May 19, 2018.
             Was a Priest of Makhleb.
             Slain by a cyclops (35 damage)
             ... on level 9 of the Dungeon.
             The game lasted 01:06:20 (11975 turns).

Jynxie the Covert (Spriggan Enchanter)             Turns: 11975, Time: 01:06:21

Health: -1/49      AC:  3    Str:  7    XL:     10   Next: 15%
Magic:  0/15       EV: 26    Int: 18    God:    Makhleb [***...]
Gold:   525        SH:  5    Dex: 16    Spells: 11/14 levels left

rFire    . . .     SeeInvis +   K - +0 short sword (elec)
rCold    . . .     Gourm    .   h - +0 buckler
rNeg     . . .     Faith    .   b - +1 robe
rPois    .         Spirit   .   (helmet restricted)
rElec    .         Reflect  .   (no cloak)
rCorr    .         Harm     .   (gloves unavailable)
MR       ++...                  (boots unavailable)
Stlth    +++++++...             t - amulet of the acrobat
HPRegen  0.16/turn              x - ring of protection from magic
MPRegen  0.14/turn              C - ring of stealth

@: very slightly contaminated, very quick
A: very small, unfitting armour, see invisible, herbivore, speed 3, slow
metabolism 2
a: Minor Destruction, Lesser Servant of Makhleb, Renounce Religion


You were on level 9 of the Dungeon.
You worshipped Makhleb.
Makhleb was most pleased with you.
You were not hungry.

You visited 2 branches of the dungeon, and saw 10 of its levels.

You collected 525 gold pieces.

Inventory:

Hand Weapons
 l - a +3 dagger of holy wrath
 v - a +5 flail of draining
 E - a +1 shortbow of freezing
 K - a +0 short sword of electrocution (weapon)
 P - a +3 dagger
Missiles
 f - 250 stones
 r - 2 curare-tipped needles (quivered)
Armour
 b - a +1 robe (worn)
 h - a +0 buckler (worn)
Magical Staves
 u - an uncursed staff of earth {unknown}
Jewellery
 t - an amulet of the acrobat (around neck)
 x - a ring of protection from magic (left hand)
 C - a ring of stealth (right hand)
 F - a +2 ring of intelligence
Wands
 a - a wand of polymorph (15)
 y - a wand of paralysis (6)
 I - a wand of acid (6)
 M - a wand of random effects (18)
Scrolls
 c - a scroll of immolation
 g - 5 scrolls of identify
 i - a scroll of remove curse
 m - 2 scrolls of fog
 o - a scroll of random uselessness {unknown}
 p - 5 scrolls of teleportation
 A - a scroll of amnesia
 D - a scroll of noise {unknown}
 H - a scroll of magic mapping
 N - a scroll of fear {unknown}
 O - a scroll of blinking {unknown}
Potions
 e - a potion of flight
 j - a potion of haste {unknown}
 k - a potion of cancellation {unknown}
 n - a potion of mutation {unknown}
 q - 2 potions of curing
 s - 2 potions of ambrosia
 w - a potion of magic {unknown}
 z - a potion of degeneration {unknown}
 B - a potion of agility {unknown}
 G - a potion of might {unknown}
 J - a potion of heal wounds
Comestibles
 d - 11 rations


   Skills:
 * Level 3.1 Fighting
 + Level 8.8 Short Blades
 * Level 11.6 Dodging
 * Level 13.5 Stealth
 - Level 2.6 Spellcasting
 - Level 3.6 Hexes


You had 11 spell levels left.
You knew the following spells:

 Your Spells              Type           Power        Failure   Level  Hunger
a - Corona                Hex            ###....      6%          1    #......
b - Ensorcelled Hibernat  Hex/Ice        #.....       21%         2    ##.....

Your spell library contained the following spells:

 Spells                   Type           Power        Failure   Level  Hunger
 Confuse                  Hex            ###.....     19%         3    ###....
 Summon Small Mammal      Summ           #...         28%         1    #......
 Summon Ice Beast         Ice/Summ       #.......     95%         4    #####..
 Call Imp                 Summ           #.......     38%         2    ##.....
 Tukima's Dance           Hex            ###.....     19%         3    ###....
 Call Canine Familiar     Summ           #.......     63%         3    ###....
 Dazzling Spray           Conj/Hex       #.....       38%         3    ###....
 Summon Lightning Spire   Summ/Air       #.......     95%         4    #####..
 Summon Guardian Golem    Hex/Summ       #.......     38%         3    ###....


Dungeon Overview and Level Annotations

Branches:
Dungeon (9/15)             Temple (1/1) D:7
   Lair: D:8-11         Orc: D:9-12

Altars:
Ashenzari
Cheibriados
Fedhas
Gozag
Hepliaklqana
Kikubaaqudgha
Makhleb
Nemelex Xobeh
Okawaru
Qazlal
Ru
Sif Muna
Trog
Uskayaw
Vehumet
Wu Jian
Xom
Yredelemnul
The Shining One

Shops:
D:5 (


Innate Abilities, Weirdness & Mutations

You are very small and have problems with some larger weapons.
You are too small for most types of armour.
You have supernaturally acute eyesight. (SInv)
You are a herbivore.
You cover ground extremely quickly.
You need to consume almost no food.


Message History

Press: ? - help, Shift-Dir - straight line, f/p - cyclops
Aim: a cyclops (chance to defeat MR: 23%)
The cyclops resists with almost no effort.
You block the iguana's attack. The cyclops hits you!
Casting: Ensorcelled Hibernation (safe; 21% risk of failure)
Confirm with . or Enter, or press ? or * to list all spells.
Aiming: Ensorcelled Hibernation (safe; 21% risk of failure)
Press: ? - help, Shift-Dir - straight line, f/p - cyclops
Aim: a cyclops (chance to defeat MR: 23%)
The cyclops resists with almost no effort.
The iguana closely misses you.
Casting: Ensorcelled Hibernation (safe; 21% risk of failure)
Confirm with . or Enter, or press ? or * to list all spells.
Aiming: Ensorcelled Hibernation (safe; 21% risk of failure)
Press: ? - help, Shift-Dir - straight line, f/p - cyclops
Aim: a cyclops (chance to defeat MR: 23%)
You miscast Ensorcelled Hibernation.
Nothing appears to happen.
The iguana barely misses you. The cyclops hits you!!
Ouch! That really hurt!
You die...

#####################
............(<.......
...........(...).###.
..............)).# #.
...............).###.
.###............))... .
#......#..........
....###.....###.........
......l@...## ##.......!
......C...## ##.......
...........# #........
............# #.........
.............#..........
........................
........................
........................


You could see a cyclops and an iguana.

Vanquished Creatures
  The ghost of Curus the Insei, a novice MfTm of Makhleb (D:5)
  A gargoyle (D:7)
  A spriggan (D:7)
  3 ice beasts
  2 sky beasts
  2 orc warriors
  6 ogres
  7 centaurs
  2 big kobolds
  3 bullfrogs
  A scorpion (D:8)
  7 killer bees
  7 wights
  A howler monkey (D:8)
  An electric eel (D:6)
  2 crimson imps
  2 hounds
  2 quasits (D:7)
  2 centaur skeletons
  Terence (D:3)
  An iguana (D:4)
  7 worker ants
  5 orc wizards
  A killer bee zombie (D:7)
  A hound skeleton (D:7)
  A howler monkey zombie (D:5)
  7 gnolls
  9 adders
  A shadow imp (D:7)
  2 worms
  4 dart slugs
  4 leopard geckos
  24 orcs
  2 ball pythons (D:2)
  2 bats
  2 giant cockroaches
  10 hobgoblins
  7 jackals
  A quokka (D:8)
  6 frilled lizards
  11 goblins
  17 kobolds
  A leopard gecko skeleton (D:7)
  8 rats
188 creatures vanquished.

Notes
Turn   | Place    | Note
-------+----------+-------------------------------------------
     0 | D:1      | Jynxie the Spriggan Enchanter began the quest for the Orb.
     0 | D:1      | Reached XP level 1. HP: 9/9 MP: 5/5
   985 | D:1      | Reached XP level 2. HP: 8/13 MP: 6/6
  1146 | D:1      | Reached skill level 5 in Stealth
  1481 | D:1      | Learned a level 2 spell: Ensorcelled Hibernation
  1886 | D:1      | Reached XP level 3. HP: 16/16 MP: 6/8
  4048 | D:2      | Reached skill level 6 in Stealth
  4457 | D:2      | Reached XP level 4. HP: 21/21 MP: 9/9
  4503 | D:2      | Found a burning altar of Makhleb.
  4524 | D:2      | Became a worshipper of Makhleb the Destroyer
  4955 | D:3      | Noticed a centaur
  4958 | D:3      | Killed a centaur
  4958 | D:3      | Reached skill level 7 in Stealth
  4958 | D:3      | Reached XP level 5. HP: 24/24 MP: 10/10
  5180 | D:3      | Found a blossoming altar of Fedhas.
  5182 | D:3      | Found an ornate altar of the Wu Jian Council.
  5190 | D:3      | Found an opulent altar of Gozag.
  5271 | D:3      | Found a shattered altar of Ashenzari.
  5271 | D:3      | Noticed Terence
  5272 | D:3      | Killed Terence
  5432 | D:3      | Reached skill level 8 in Stealth
  5436 | D:3      | Reached XP level 6. HP: 25/28 MP: 4/11
  5808 | D:4      | Reached skill level 5 in Short Blades
  6135 | D:4      | Found a sacrificial altar of Ru.
  6234 | D:4      | Reached * piety under Makhleb
  6407 | D:5      | Entered Level 5 of the Dungeon
  6679 | D:5      | Reached skill level 9 in Stealth
  6773 | D:5      | Noticed Curus's ghost (novice MfTm)
  7016 | D:5      | Killed Curus's ghost
  7016 | D:5      | Reached skill level 10 in Stealth
  7016 | D:5      | Reached XP level 7. HP: 32/32 MP: 12/12
  7101 | D:5      | Found a hazy altar of Hepliaklqana.
  7102 | D:5      | Found a shimmering altar of Xom.
  7102 | D:5      | Noticed an unseen horror
  7103 | D:5      | Noticed a spectral ugly thing
  7103 | D:5      | Noticed an unseen horror
  7255 | D:5      | Reached XP level 8. HP: 36/36 MP: 13/13
  7361 | D:5      | Found Gacil's Antique Weapon Shop.
  7413 | D:5      | Reached skill level 11 in Stealth
  7746 | D:6      | Reached skill level 5 in Dodging
  8193 | D:6      | Found a stormy altar of Qazlal.
  9182 | D:6      | Reached skill level 12 in Stealth
  9702 | D:6      | Reached ** piety under Makhleb
  9709 | D:6      | Reached XP level 9. HP: 36/39 MP: 14/14
 10047 | D:7      | Noticed a gargoyle
 10052 | D:7      | Killed a gargoyle
 10052 | D:7      | Reached skill level 10 in Dodging
 10358 | D:7      | Found a staircase to the Ecumenical Temple.
 10362 | Temple   | Entered the Ecumenical Temple
 10576 | D:7      | Reached skill level 1 in Fighting
 10917 | D:7      | Reached skill level 13 in Stealth
 10992 | D:7      | Reached *** piety under Makhleb
 11299 | D:8      | Reached XP level 10. HP: 29/47 MP: 6/15
 11963 | D:9      | Noticed a cyclops
 11975 | D:9      | Slain by a cyclops

Vault maps used:
D:1:      denvon_arrival_planthouse
D:2:      first_ration, makhleb_heckhound_becter
D:3:      cheibrodos_ashenzari_chains, minmay_overflow_temple_star_quad,
          uniq_terence
D:4:      nicolae_ru_the_path_less_chosen
D:5:      regret_index_temple_of_mockery, serial_shops, shop
D:6:      nicolae_qazlal_eye_of_the_storm, grunt_ministairs_12, minivault_14,
          nicolae_sextant, minmay_tree_intersection
D:7:      temple_hall_moat, the_bakery
D:8:      st_stairs_10
D:9:      lemuel_coloured_pillars_altar,
          chequers_temple_overflow_statue_of_worship, serial_glass,
          glass_columns_c, glass_columns_a, glass_columns_a, uniq_pikel
Temple:   jpeg_temple_clearing

Skill      XL: |  1  2  3  4  5  6  7  8  9 10 |
---------------+-------------------------------+-----
Stealth        | 5 6 7 8 10 12 13 | 13.5
Short Blades   | 2 3 4 6 7 8 |  8.8
Dodging        | 7 11 | 11.6
Fighting       | 2 3 |  3.1
Spellcasting   | |  2.6
Hexes          | |  3.6

Action                   |  1- 3 |  4- 6 |  7- 9 | 10-12 || total
-------------------------+-------+-------+-------+-------++-------
Melee: Dagger            |   243 |   151 |   356 |       ||   750
       Short sword       |       |       |    53 |    63 ||   116
Throw: Stone             |    11 |       |       |       ||    11
 Cast: Ensorcelled Hiber |     8 |    11 |    30 |    14 ||    63
  Use: Scroll            |     2 |     6 |     3 |     1 ||    12
       Potion            |     1 |       |     5 |       ||     6
 Stab: Sleeping          |    12 |    19 |    38 |     5 ||    74
       Distracted        |     5 |     1 |     2 |       ||     8
  Eat: Ration            |     1 |     2 |     3 |     1 ||     7
Armor: Robe              |    13 |     9 |    15 |     2 ||    39
Dodge: Dodged            |   152 |    78 |   255 |    47 ||   532
Block: Buckler           |    48 |    23 |    62 |    13 ||   146

Table legend:
 A = Spawn XP
 B = Non-spawn XP
 C = Spawn XP percentage of total XP
 D = Spawn monster count
 E = Non-spawn monster count
 F = Spawn count percentage of total count
 G = Total turns spent on level
                    A         B        C        D         E        F      G
               +---------+---------+-------+---------+---------+-------+---------
         Total |       0 |    6380 |   0.0 |       0 |     188 |   0.0 | 11975
               +---------+---------+-------+---------+---------+-------+---------
           D:1 |       0 |      45 |   0.0 |       0 |      24 |   0.0 |  2257
           D:2 |       0 |      98 |   0.0 |       0 |      23 |   0.0 |  2425
           D:3 |       0 |     260 |   0.0 |       0 |      25 |   0.0 |  1069
           D:4 |       0 |     194 |   0.0 |       0 |       8 |   0.0 |   656
           D:5 |       0 |    1099 |   0.0 |       0 |      15 |   0.0 |  1310
           D:6 |       0 |    1103 |   0.0 |       0 |      27 |   0.0 |  2129
           D:7 |       0 |    2149 |   0.0 |       0 |      36 |   0.0 |  1110
           D:8 |       0 |    1329 |   0.0 |       0 |      23 |   0.0 |   802
           D:9 |       0 |     103 |   0.0 |       0 |       7 |   0.0 |    97
               +---------+---------+-------+---------+---------+-------+---------
